 Dungeon Sprint DCSS version 0.16-a0-3606-g1520cdc (webtiles) character file.

11532 BluebellGnoll the Bludgeoner (level 11, 0/126 HPs)
             Began as an Ogre Skald on Jan 13, 2015.
             Was the Champion of Makhleb.
             Killed by vampiric draining
             ... invoked by a vampire
              (1 damage)
             ... in the Dungeon (Sprint V: "Ziggurat Sprint").
             The game lasted 00:17:01 (929 turns).

BluebellGnoll the Bludgeoner (Ogre Skald)            Turns: 929, Time: 00:17:01

Health: 0/126      AC: 25    Str: 27    XL:     11   Next: 79%
Magic:  25/25      EV: -1    Int: 16    God:    Makhleb [******]
Gold:   0          SH: 30    Dex: 15    Spells: 5 memorised, 3 levels left

rFire  + . .     SeeInvis .     I - +5 demon whip (chaos)
rCold  + . .     Clarity  .     L - +5 gold dragon armour
rNeg   + . .     SustAb   .     t - +18 shield of the gong {rElec rN+ MR+ EV-5}
rPois  +         Gourm    .     (helmet restricted)
rElec  +         Spirit   .     M - +2 cloak {MR+}
rCorr  .         Warding  .     (gloves unavailable)
rMut   .         NoTele   +     (boots unavailable)
MR     +++..                    (no amulet)
Stlth  ..........               p - +6 ring of dexterity
                                s - +6 ring of strength

@: brilliant, liquid flames, corroded equipment, glowing, drained, extremely
resistant to hostile enchantments, extremely unstealthy
A: unfitting armour, rough black scales 1, tough skin 1
a: Minor Destruction, Lesser Servant of Makhleb, Major Destruction, Greater
Servant of Makhleb, Renounce Religion


You were in the Dungeon.
You worshipped Makhleb.
Makhleb was exalted by your worship.
You were not hungry.

You visited 1 branch

Inventory:

Hand weapons
 u - the +6 shillelagh "Devastator"
   (You found it in the Dungeon)
 I - a +5 demon whip of chaos (weapon)
 R - a +2 demon whip of venom
 S - the +0 morningstar of the Lamprey {flame, +Fly rC+ MR+}
   (You took it off a spriggan air mage in the Dungeon)

   It emits flame when wielded, causing extra injury to most foes and up to half
   again as much damage against particularly susceptible opponents.
   It protects you from cold.
   It affects your resistance to hostile enchantments.
   It lets you fly.
Armour
 t - the +18 shield of the gong (worn) {rElec rN+ MR+ EV-5}
   (You found it in the Dungeon)

   It affects your evasion (-5).
   It insulates you from electricity.
   It protects you from negative energy.
   It affects your resistance to hostile enchantments.
 L - a +5 gold dragon armour (worn)
 M - a +2 cloak of magic resistance (worn)
Jewellery
 p - a +6 ring of dexterity (right hand)
 q - a +6 ring of intelligence
 r - a +6 ring of intelligence
 s - a +6 ring of strength (left hand)
 T - the ring "Sijuhecw" {+Inv rPois rC+ Slay+2}
   (You found it in the Dungeon)

   [ring of slaying]

   It affects your accuracy and damage with ranged weapons and melee attacks
   (+2).
   It protects you from cold.
   It protects you from poison.
   It lets you turn invisible.
Magical devices
 k - a wand of disintegration (7)
 l - a wand of fire (4)
 m - a wand of cold (5)
 n - a wand of draining (5)
 N - a wand of heal wounds (6)
Scrolls
 j - 4 scrolls of blinking
 x - 4 scrolls of amnesia
 y - 3 scrolls of recharging
 z - 6 scrolls of fog
 A - a scroll of holy word
 B - 5 scrolls of identify
 C - 5 scrolls of remove curse
 D - 2 scrolls of fear
Potions
 e - 10 potions of curing
 f - 7 potions of heal wounds
 g - 6 potions of haste
 h - 7 potions of magic
 i - 3 potions of berserk rage
 E - 2 potions of brilliance
 F - 2 potions of invisibility
 G - 2 potions of restore abilities
 H - 4 potions of resistance
 J - 4 potions of agility
 K - 5 potions of might
Books
 o - a tome of Destruction
Miscellaneous
 a - a plain deck of wonders {drawn: 6}
 c - a plain deck of war {drawn: 3}
 O - a disc of storms
 P - a plain deck of wonders
 Q - a plain deck of defence {drawn: 3}
Comestibles
 b - 7 chunks of flesh
 d - 5 meat rations
 v - 42 fruits
 w - 4 bread rations


   Skills:
 - Level 12.9(12.4) Fighting
 - Level 17.6(17.0) Maces & Flails
 - Level 14.2(13.7) Throwing
 - Level 10.6(10.1) Armour
 - Level 0.8(0.4) Dodging
 + Level 10.8(10.3) Shields
 - Level 2.4(2.0) Spellcasting
 - Level 2.1(1.7) Charms
 - Level 10.2(9.7) Invocations
 - Level 8.2(7.7) Evocations


You had 3 spell levels left.
You knew the following spells:

 Your Spells              Type           Power        Failure   Level  Hunger
a - Infusion              Chrm           ###...       73%         1    #......
b - Shroud of Golubria    Chrm/Tloc      ##........   90%         2    ###....
c - Song of Slaying       Chrm           ###.....     83%         2    ###....
d - Regeneration          Chrm/Necr      ##........   97%         3    ###....
e - Spectral Weapon       Hex/Chrm       ##......     97%         3    ###....


Dungeon Overview and Level Annotations

Branches:
Dungeon (1/1)

Altars:
Ashenzari
Cheibriados
Dithmenos
Elyvilon
Fedhas
Gozag
Kikubaaqudgha
Makhleb
Nemelex Xobeh
Okawaru
Qazlal
Ru
Sif Muna
Trog
Vehumet
Xom
Yredelemnul
Zin
The Shining One
Beogh
Jiyva
Lugonu


Innate Abilities, Weirdness & Mutations

You are too large for most types of armour.
You have tough skin (AC +1).
You are partially covered in rough black scales (AC +4, Dex -1).


Message History

You are covered in liquid flames!
Drink which item? (? for menu, Esc to quit)
You feel much better.
You are covered in liquid flames!
* * * LOW HITPOINT WARNING * * *
The balrug gestures at you. The bolt of fire hits you! You block its attack.
PANG!
You block its attack.
SHROANNG!
You are covered in liquid flames!
* * * LOW HITPOINT WARNING * * *
The balrug gestures at you. Something smites you!
* * * LOW HITPOINT WARNING * * *
The balrug gestures at you. The bolt of fire hits you! You resist.
* * * LOW HITPOINT WARNING * * *
Unholy energy fills the air.
You die... |})[

▓...8©8.. .........
▓..)[.|).
...........▓...=|...
..........▓........
........ ▓........ ▓
.....▓ ▓........ ▓.
▓▓...▓▓ ▓........
▓..▓.2...▓..▓.▓.÷...▓
▓...@)......▓........
▓▓▓▓▓▓▓▓▓▓▓▓▓▓▓▓▓▓▓▓▓
▓...8©8...▓...8©8...▓
▓..=.)|):.▓..|}[}[..▓
▓..:=:|...▓..[.)}...▓
▓.........▓.........▓
▓.........▓.........▓
▓.........▓.........▓
▓.........▓.........▓


You could see a balrug.

Vanquished Creatures
  A spriggan defender (D)
  2 spriggan air magi (D)
  A satyr (D)
  3 soul eaters (D)
  A spriggan druid (D)
  2 ugly things (D)
  An orb spider (shapeshifter) (D)
  A shining eye (D)
  A wolf spider (D)
  An oklob plant (D)
  A black mamba (shapeshifter) (D)
  2 dryads (D)
  A tormentor (D)
  A hellion (D)
  A troll (shapeshifter) (D)
  A shadow (D)
  A small abomination (D)
  5 air elementals (D)
  A vampire (D)
  2 insubstantial wisps (D)
  3 large abominations (D)
  A hell hound (D)
  2 phantoms (D)
  A necrophage (D)
  Sigmund (D)
  Duvessa (D)
  Blork the orc (D)
  A wight (D)
  Dowan (D)
  2 crimson imps (D)
  Crazy Yiuf (D)
  5 quasits (D)
  2 iron imps (D)
  Jessica (D)
  An adder (D)
  2 shadow imps (D)
  2 white imps (D)
  An ufetubus (D)
  A spectral adder (D)
  An adder skeleton (D)
  3 bat skeletons (D)
  3 bat zombies (D)
  A ball python (D)
  A giant gecko skeleton (D)
  A giant gecko zombie (D)
  2 jackal skeletons (D)
  3 jackal zombies (D)
  A quokka skeleton (D)
  A spectral ball python (D)
  A spectral giant gecko (D)
78 creatures vanquished.

Vanquished Creatures (collateral kills)
  A basilisk (shapeshifter) (D)
  A spriggan (D)
  A warg (shapeshifter) (D)
  A wasp (D)
  A butterfly (D)
5 creatures vanquished.

Vanquished Creatures (others)
  A wind drake (D)
  A basilisk (D)
  A bat zombie (D)
3 creatures vanquished.

Grand Total: 86 creatures vanquished

Notes
Turn   | Place    | Note
--------------------------------------------------------------
     0 | D        | BluebellGnoll, the Ogre Skald, began the quest for the Orb.
     0 | D        | Reached XP level 1. HP: 22/22 MP: 3/3
     0 | D        | Found a viscous altar of Jiyva.
     0 | D        | Found a corrupted altar of Lugonu.
     0 | D        | Found a white marble altar of Elyvilon.
     2 | D        | Found a sparkling altar of Nemelex Xobeh.
     2 | D        | Found a burning altar of Makhleb.
     2 | D        | Found a deep blue altar of Sif Muna.
     3 | D        | Found a bloodstained altar of Trog.
     6 | D        | Found an iron altar of Okawaru.
    16 | D        | Found a radiant altar of Vehumet.
    22 | D        | Found a basalt altar of Yredelemnul.
    22 | D        | Found a shimmering altar of Xom.
    40 | D        | Became a worshipper of Makhleb the Destroyer
    66 | D        | Reached skill level 6 in Armour
    66 | D        | Reached XP level 2. HP: 29/29 MP: 5/5
    76 | D        | Entered arena 1.
    81 | D        | Acquired Makhleb's first power
    98 | D        | Entered arena 2.
    98 | D        | Noticed a phantom
   121 | D        | Killed a phantom
   121 | D        | Acquired Makhleb's second power
   121 | D        | Reached skill level 8 in Maces & Flails
   121 | D        | Reached XP level 3. HP: 37/45 MP: 6/6
   121 | D        | Reached XP level 4. HP: 43/53 MP: 8/8
   175 | D        | Entered arena 3.
   175 | D        | Noticed a wight
   175 | D        | Noticed a necrophage
   175 | D        | Noticed a phantom
   180 | D        | Killed a necrophage
   180 | D        | Reached skill level 10 in Maces & Flails
   180 | D        | Reached XP level 5. HP: 59/65 MP: 9/9
   180 | D        | Killed a wight
   180 | D        | Reached XP level 6. HP: 70/75 MP: 11/11
   184 | D        | Killed a phantom
   184 | D        | Acquired Makhleb's third power
   184 | D        | Reached skill level 11 in Maces & Flails
   193 | D        | Entered arena 4.
   193 | D        | Noticed a crimson imp
   193 | D        | Noticed a crimson imp
   193 | D        | Noticed a quasit
   196 | D        | Killed a quasit
   204 | D        | Killed a crimson imp
   205 | D        | Killed a crimson imp
   205 | D        | Acquired Makhleb's fourth power
   210 | D        | Entered arena 5.
   210 | D        | Noticed a hell hound
   210 | D        | Noticed an iron imp
   217 | D        | Killed an iron imp
   217 | D        | Reached XP level 7. HP: 84/84 MP: 12/12
   221 | D        | Killed a hell hound
   221 | D        | Acquired Makhleb's fifth power
   227 | D        | Identified the Reference Book on Gliding Good Luck (You found it in the Dungeon)
   227 | D        | Identified the Reference Book on Gliding Good Luck (You found it in the Dungeon)
   227 | D        | Identified the Reference Book on Gliding Good Luck (You found it in the Dungeon)
   230 | D        | Learned a level 2 spell: Shroud of Golubria
   230 | D        | Identified the Reference Book on Gliding Good Luck (You found it in the Dungeon)
   233 | D        | Learned a level 2 spell: Song of Slaying
   233 | D        | Identified the Reference Book on Gliding Good Luck (You found it in the Dungeon)
   237 | D        | Learned a level 3 spell: Regeneration
   238 | D        | Entered arena 6.
   238 | D        | Noticed Sigmund
   238 | D        | Noticed Jessica
   238 | D        | Noticed Blork the orc
   238 | D        | Noticed Crazy Yiuf
   238 | D        | Noticed Dowan
   238 | D        | Noticed Duvessa
   239 | D        | Gained mutation: You are partially covered in rough black scales (AC +4, Dex -1). [helix card]
   248 | D        | Killed Duvessa
   248 | D        | Reached skill level 12 in Maces & Flails
   248 | D        | Killed Jessica
   248 | D        | Reached skill level 13 in Maces & Flails
   248 | D        | Killed Crazy Yiuf
   250 | D        | Killed Blork the orc
   260 | D        | Killed Dowan
   260 | D        | Reached skill level 14 in Maces & Flails
   271 | D        | Killed Sigmund
   271 | D        | Reached XP level 8. HP: 84/93 MP: 14/14
   289 | D        | Identified the Almanac of Mutagenic Bewitchment (You found it in the Dungeon)
   306 | D        | Entered arena 7.
   306 | D        | Noticed a large abomination
   306 | D        | Noticed a quasit
   306 | D        | Noticed a quasit
   306 | D        | Noticed a small abomination
   308 | D        | Drew Focus: Str increased to 19, Dex decreased to 10
   311 | D        | Killed a quasit
   312 | D        | Killed a small abomination
   312 | D        | Killed a quasit
   335 | D        | Killed a large abomination
   350 | D        | Learned a level 3 spell: Spectral Weapon
   413 | D        | Entered arena 8.
   413 | D        | Noticed a large abomination
   413 | D        | Noticed a quasit
   413 | D        | Noticed a large abomination
   413 | D        | Noticed a shadow
   413 | D        | Noticed an iron imp
   413 | D        | Noticed a quasit
   416 | D        | Killed a quasit
   416 | D        | Reached skill level 10 in Throwing
   424 | D        | Killed a quasit
   426 | D        | Killed an iron imp
   427 | D        | Killed a large abomination
   438 | D        | Killed a large abomination
   446 | D        | Killed a shadow
   446 | D        | Reached XP level 9. HP: 94/101 MP: 15/15
   471 | D        | Entered arena 9.
   471 | D        | Noticed a wind drake
   471 | D        | Noticed an insubstantial wisp
   471 | D        | Noticed an air elemental
   471 | D        | Noticed an insubstantial wisp
   471 | D        | Noticed an air elemental
   471 | D        | Noticed an air elemental
   471 | D        | Noticed an air elemental
   471 | D        | Noticed an air elemental
   479 | D        | Killed an air elemental
   481 | D        | Killed an air elemental
   488 | D        | Killed a wind drake
   495 | D        | Killed an insubstantial wisp
   503 | D        | Killed an air elemental
   510 | D        | Killed an air elemental
   517 | D        | Killed an air elemental
   517 | D        | Reached skill level 10 in Armour
   525 | D        | Killed an insubstantial wisp
   540 | D        | Entered arena 10.
   540 | D        | Noticed a basilisk
   540 | D        | Noticed a cyan ugly thing
   540 | D        | Noticed a black mamba
   540 | D        | Noticed a hippogriff
   540 | D        | Noticed a cyan ugly thing
   540 | D        | Noticed a red ugly thing
   540 | D        | Noticed a shining eye
   540 | D        | Noticed a troll
   540 | D        | Noticed a hippogriff
   549 | D        | a hippogriff changed into a trapdoor spider
   549 | D        | a hippogriff changed into a brain worm
   555 | D        | Killed a red ugly thing
   555 | D        | Reached skill level 10 in Fighting
   555 | D        | Reached skill level 15 in Maces & Flails
   556 | D        | Killed a basilisk
   559 | D        | Killed a black mamba
   559 | D        | Reached XP level 10. HP: 92/114 MP: 1/17
   564 | D        | Killed a shining eye
   564 | D        | Reached skill level 16 in Maces & Flails
   576 | D        | Killed a cyan ugly thing
   579 | D        | Killed a troll
   579 | D        | Reached skill level 17 in Maces & Flails
   579 | D        | Noticed an orb spider
   579 | D        | a yak changed into an orb spider
   581 | D        | Killed an orb spider
   673 | D        | Entered arena 11.
   673 | D        | Noticed a spriggan rider
   673 | D        | Noticed an oklob plant
   673 | D        | Noticed a spriggan druid
   673 | D        | Noticed a satyr
   673 | D        | Noticed a spriggan air mage
   673 | D        | Noticed a dryad
   673 | D        | Noticed a spriggan defender
   673 | D        | Noticed a spriggan air mage
   674 | D        | Noticed a dryad
   687 | D        | Killed a dryad
   687 | D        | Reached skill level 1 in Evocations
   687 | D        | Killed a spriggan defender
   687 | D        | Reached skill level 5 in Invocations
   688 | D        | Killed a spriggan druid
   688 | D        | Reached skill level 5 in Evocations
   688 | D        | Reached XP level 11. HP: 124/126 MP: 17/21
   692 | D        | Killed a satyr
   692 | D        | Killed a spriggan air mage
   693 | D        | Killed a dryad
   700 | D        | Killed a spriggan air mage
   700 | D        | Killed a spriggan
   700 | D        | Killed a wasp
   700 | D        | Reached skill level 10 in Invocations
   712 | D        | Killed an oklob plant
   733 | D        | Got the +0 morningstar of the Lamprey {flame, +Fly rC+ MR+}
   839 | D        | Entered arena 12.
   839 | D        | Noticed a soul eater
   839 | D        | Noticed a soul eater
   839 | D        | Noticed a soul eater
   857 | D        | Killed a soul eater
   862 | D        | Killed a soul eater
   869 | D        | Killed a soul eater
   884 | D        | Got the ring "Sijuhecw" {+Inv rPois rC+ Slay+2}
   897 | D        | Entered arena 13.
   897 | D        | Noticed a wolf spider
   897 | D        | Noticed a hellion
   897 | D        | Noticed a tormentor
   898 | D        | Noticed a lich
   898 | D        | Noticed a vampire
   899 | D        | Noticed a vampire
   899 | D        | Noticed a balrug
   903 | D        | Killed a wolf spider
   903 | D        | Reached skill level 10 in Shields
   909 | D        | Killed a tormentor
   909 | D        | Killed a vampire
   910 | D        | Killed a hellion
   929 | D        | HP: 1/126 [balrug/bolt of fire (16)]
   929 | D        | Killed from afar by a vampire

Action                   |  1- 3 |  4- 6 |  7- 9 | 10-12 || total
-------------------------+-------+-------+-------+-------++-------
Melee: Shillelagh        |    21 |    18 |    28 |    32 ||    99
       Demon whip        |       |     2 |   114 |    52 ||   168
Invok: Major Destruction |       |       |       |     5 ||     5
Evoke: Deck              |       |       |     6 |     6 ||    12
       Wand              |       |       |       |     1 ||     1
  Use: Potion            |     1 |       |       |     5 ||     6
       Scroll            |     1 |       |       |     1 ||     2
 Stab: Paralysed         |       |       |     2 |     2 ||     4
       Petrifying        |       |       |       |     3 ||     3
  Eat: Chunk             |       |       |       |     1 ||     1
